AoeStats
← enriquelegion117

Arena

509948612Analyzed
1v1 RM · 3d ago on Sep 28, 2026· 45m 24s· 2 players
Game mode
Random Map
Map size
Tiny (2 player)
Population
200
Speed
Normal
Resources
Standard
Victory
Conquest
Starting age
Dark Age
Ending age
Imperial Age
RankedLock teamsTeams togetherTeam positionsShared explorationLock speedFull tech treeHidden civsTurbo modeCheats
Victory
Defeat
🇲🇽 Romans · Mexico
702
+15
🇺🇸 Wei · United States
688
-15
Igneous
9:32 Loom
11:20 Feudal Age
13:26 Wheelbarrow
12:38 Double-Bit Axe
12:49 Horse Collar
14:14 Town Watch
15:24 Loom
18:19 Castle Age
17:11 Bloodlines
17:09 Scale Barding Armor
18:04 Gold Mining
19:34 Hand Cart
20:13 Bow Saw
21:22 Heavy Plow
21:36 Stone Mining
25:51 Chain Barding Armor
29:11 Forging
32:47 Gold Shaft Mining
37:32 Iron Casting
39:47 Imperial Age
37:26 Husbandry
40:50 Elite Tiger Cavalry
42:03 Tuntian
42:33 Conscription
enriquelegion117
0:49 Loom
12:55 Feudal Age
13:35 Double-Bit Axe
15:29 Wheelbarrow
15:29 Horse Collar
21:58 Castle Age
21:40 Scale Mail Armor
29:25 Chain Mail Armor
29:20 Forging
29:54 Pikeman
30:37 Squires
31:14 Bow Saw
32:42 Ballistics
33:04 Fletching
33:33 Stone Mining
33:38 Gold Mining
34:13 Ballistas
36:15 Masonry
36:24 Bodkin Arrow
39:09 Imperial Age
37:49 Fortified Wall
42:40 Heavy Plow
Connection lost

Rejoining the realm…

Still unreachable

The connection could not be restored.

Session expired

The server has moved on; the page needs a fresh start.